 Dungeon Crawl Stone Soup version 0.21-a0-51-gea492e9 (webtiles) character file.

4286 MackTheKnife the Thaumaturge (level 10, -6/59 HPs)
             Began as a Deep Elf Fire Elementalist on June 4, 2017.
             Was a Priest of Vehumet.
             Mangled by a cyclops (27 damage)
             ... while paralysed by a great orb of eyes
             ... on level 8 of the Dungeon on June 13, 2017.
             The game lasted 00:22:35 (9806 turns).

MackTheKnife the Thaumaturge (DEFE)                 Turns: 9806, Time: 00:22:36

Health: -6/59      AC:  6    Str:  5    XL:     10   Next: 10%
Magic:  4/25       EV:  2    Int: 24    God:    Vehumet [***...]
Gold:   352        SH:  0    Dex: 15    Spells: 9/28 levels left

rFire    . . .     SeeInvis +   b - +2 whip (drain)
rCold    . . .     Gourm    .   (no shield)
rNeg     + . .     Faith    .   c - +2 robe {rN+}
rPois    .         Spirit   .   e - +1 helmet
rElec    .         Reflect  .   (no cloak)
rCorr    .         Harm     .   (no gloves)
MR       +....                  (no boots)
Stlth    +++.......             (no amulet)
Regen    0.2/turn               y - ring of stealth {Stlth+}
MPRegen  0.2/turn               z - ring of see invisible {sInv, !d}

@: paralysed
A: no striking features
a: Renounce Religion


You were on level 8 of the Dungeon.
You worshipped Vehumet.
Vehumet was most pleased with you.
You were hungry.

You visited 2 branches of the dungeon, and saw 9 of its levels.
You also visited: Ossuary.

You collected 352 gold pieces.

Inventory:

Hand Weapons
 a - a +1 lajatang
   (You found it on level 4 of the Dungeon)
 b - a +2 whip of draining (weapon)
   (You took it off an orc priest on level 4 of the Dungeon)
Armour
 c - a +2 robe of positive energy (worn)
   (You took it off Dowan on level 4 of the Dungeon)
 e - a +1 helmet (worn)
   (You found it on level 1 of the Dungeon)
Jewellery
 y - a ring of stealth (left hand) {Stlth+}
   (You found it on level 6 of the Dungeon)
 z - a ring of see invisible (right hand) {sInv, !d}
   (You found it on level 7 of the Dungeon)
Wands
 u - a wand of disintegration (22/24)
   (You took it off Ijyb on level 5 of the Dungeon)
Scrolls
 d - a scroll of enchant armour
 h - 10 scrolls of remove curse
 o - a scroll of fog
 p - a scroll of blinking {!r}
 A - 2 scrolls of amnesia
 D - a scroll of identify
Potions
 g - a potion of magic
 k - 4 potions of heal wounds
 l - a potion of ambrosia
 m - 2 potions of haste
 n - a potion of agility {unknown}
 q - a potion of resistance
 s - a potion of lignification {!q}
 t - 2 potions of mutation {!q}
 v - a potion of flight {unknown}
 w - 2 potions of brilliance
 x - a potion of might {unknown}
 C - a potion of degeneration {unknown}
Comestibles
 f - 4 bread rations {@e1}
 i - 5 fruits
 r - 10 meat rations {@e2}
 B - 5 royal jellies


   Skills:
 - Level 5.0 Fighting
 - Level 8.0 Dodging
 + Level 2.4 Stealth
 + Level 9.6 Spellcasting
 + Level 7.3 Conjurations
 - Level 7.9 Fire Magic


You had 9 spell levels left.
You knew the following spells:

 Your Spells              Type           Power        Failure   Level  Hunger
a - Freeze                Ice            ##..         1%          1    None
b - Stone Arrow           Conj/Erth      ####..       1%          3    None
c - Conjure Flame         Conj/Fire      #####...     1%          3    None
f - Fireball              Conj/Fire      #####.....   1%          5    ####...
s - Sticky Flame          Conj/Fire      #####...     1%          4    #......
x - Throw Flame           Conj/Fire      #####.       1%          2    None
z - Flame Tongue          Conj/Fire      #####        1%          1    None


Dungeon Overview and Level Annotations

Branches:
Dungeon (8/15)             Temple (1/1) D:5
   Lair: D:8-11

Altars:
Ashenzari
Cheibriados
Dithmenos
Elyvilon
Fedhas
Gozag
Hepliaklqana
Kikubaaqudgha
Makhleb
Okawaru
Qazlal
Ru
Sif Muna
Trog
Uskayaw
Vehumet
Wu Jian
Xom
Yredelemnul
Zin
The Shining One

Annotations:
D:6 1 runed door


Message History

Vehumet is aiding your destructive magics.
Your Dodging skill increases to level 8!
You start resting.
All of the chunks of flesh in your inventory have rotted away.
MP restored: 25 You now have 352 gold pieces (gained 12).
C - a metallic dark potion
Found a stone staircase leading up.
There is a stone staircase leading up here.
You see here a shield.
An ooze comes into view.
Found a stone staircase leading up.
Okay, then.
An ooze is nearby!
Aim: an ooze (hasn't noticed you)
The puff of flame hits the ooze.
The ooze quivers.
You now have 23/25 mp.
Aim: an ooze (heavily wounded)
The flame tongue hits the ooze.
You now have 22/25 mp.
Aim: an ooze (severely wounded)
The flame tongue hits the ooze.
You kill the ooze!
Vehumet accepts your kill.
You feel your power returning.
You can't see any susceptible monsters within range! (Use Z to cast anyway.) Done exploring.
Done exploring.
Done exploring.
Done exploring.
(D) Dungeon (T) Temple
Where to? (Enter - D:7, ? - help)
What level of the Dungeon? (default 1, ? - help)
You see here a shield.
There is a stone staircase leading down here.
You climb downwards.
There is a stone staircase leading up here.
MP restored: 25
D - a scroll of identify
There is a stone staircase leading up here.
A - 2 scrolls of amnesia (gained 1)
A great orb of eyes comes into view.
A great orb of eyes is nearby!
You found a shaft!
You see here a scroll of teleportation.
The fireball explodes!
The fireball engulfs the great orb of eyes.
The great orb of eyes turns its gaze towards you.
You now have 20/25 mp.
Unknown command.
The fireball explodes!
The fireball engulfs the great orb of eyes.
You are feeling hungry.
You now have 15/25 mp.
Aim: a great orb of eyes (moderately wounded)
The fireball explodes!
The fireball engulfs the great orb of eyes.
The great orb of eyes gazes at you.
You are blasted!
You take 2 damage, and have 57/59 hp.
You now have 10/25 mp.
Aim: a great orb of eyes (moderately wounded)
The fireball explodes!
The fireball engulfs the great orb of eyes.
A centaur warrior and a cyclops come into view.
You now have 5/25 mp.
Unknown command.
Aim: a great orb of eyes (severely wounded, chance to defeat MR: 1%)
Okay, then.
Unknown command.
Aim: a great orb of eyes (severely wounded)
The puff of flame hits the great orb of eyes.
The great orb of eyes appears unharmed.
The centaur warrior shouts!
The worker ant twitches its antennae in your direction.
You now have 4/25 mp.
Aim: a great orb of eyes (severely wounded)
The flame tongue hits the great orb of eyes.
You now have 3/25 mp.
The cyclops throws a large rock.
The large rock hits you! The great orb of eyes gazes at you.
You are confused.
You see here a large rock {!d}.
You take 16 damage, and have 42/59 hp.
MASSIVE DAMAGE!!
Unknown command.
You feel better.
You regained 6 hp, and now have 48/59 hp.
The great orb of eyes gazes at you.
You suddenly lose the ability to move!
Something unseen opens the door.
The great orb of eyes bites you but does no damage.
The great orb of eyes bites you.
The centaur warrior wields a longbow.
The centaur warrior shoots an arrow.
The arrow hits you!!
The great orb of eyes pulsates ominously.
The great orb of eyes gazes at you. You resist with significant effort.
The centaur warrior shoots an arrow.
The arrow hits you. The cyclops hits you!!
You die...

##.##..#
a#$..8..#
c#$.?...#
$^....#
.8..# ##..#
##..?#
#c#####.GC.#
........@.##
........###
...$..#...#
..... #.#.#
.... #<..#
(.. ##..##
## #....#
.........#
....#.#.##


You could see a great orb of eyes, a centaur warrior and a cyclops.

Vanquished Creatures
  Pikel (D:4)
  Joseph (D:7)
  A hippogriff (D:7)
  Grinder (D:4)
  4 hogs (D:7)
  A human (D:7)
  Duvessa (D:4)
  2 orc warriors (D:7)
  2 ice beasts
  A sky beast (D:5)
  A phantom (D:5)
  Purgy (D:4)
  5 ogres
  A bullfrog (D:7)
  Dowan (D:4)
  4 killer bees (D:7)
  A howler monkey (D:4)
  A centaur zombie (D:5)
  2 jellies
  An orc priest (D:4)
  5 orc wizards
  A centaur skeleton (D:7)
  A gnoll shaman (D:5)
  Ijyb (D:5)
  2 iguanas
  4 worker ants
  6 big kobold zombies (Ossuary)
  A hound zombie (D:5)
  A mummy (Ossuary)
  A worker ant zombie (D:5)
  3 gnolls (D:5)
  17 adders
  2 shadow imps (D:5)
  3 oozes
  2 adder zombies (D:5)
  An adder skeleton (D:5)
  A worm (D:3)
  3 dart slugs
  7 leopard geckos
  19 orcs
  5 giant cockroaches
  5 gnoll zombies (Ossuary)
  16 goblins
  6 hobgoblins
  16 jackals
  7 quokkas
  8 bats
  4 bat simulacra (Ossuary)
  6 frilled lizards
  5 goblin simulacra (Ossuary)
  9 goblin zombies (Ossuary)
  2 hobgoblin zombies (Ossuary)
  6 kobolds
  5 kobold zombies (Ossuary)
  A leopard gecko skeleton (D:5)
  2 orc zombies (Ossuary)
  A quokka skeleton (D:7)
  A quokka zombie (D:5)
  14 rats
  2 rat simulacra (Ossuary)
  5 spectral goblins (Ossuary)
  5 spectral kobolds (Ossuary)
  4 spectral rats (Ossuary)
249 creatures vanquished.

Vanquished Creatures (others)
  A slave (D:7)
  A hound (D:4)
  A centaur skeleton (D:4)
  A gnoll zombie (Ossuary)
  A spectral rat (Ossuary)
5 creatures vanquished.

Grand Total: 254 creatures vanquished

Notes
Turn   | Place    | Note
-------+----------+-------------------------------------------
     0 | D:1      | MackTheKnife the Deep Elf Fire Elementalist began the quest for the Orb.
     0 | D:1      | Reached XP level 1. HP: 10/10 MP: 6/6
   291 | D:1      | Reached XP level 2. HP: 15/15 MP: 1/8
   522 | D:1      | Reached skill level 2 in Conjurations
   762 | D:1      | Learned a level 2 spell: Throw Flame
   798 | D:2      | Reached XP level 3. HP: 15/19 MP: 8/10
   867 | D:2      | Reached skill level 4 in Spellcasting
   867 | D:2      | Reached skill level 4 in Fire Magic
  1086 | D:2      | Found a shadowy altar of Dithmenos.
  1124 | D:2      | Found a shimmering altar of Xom.
  1125 | D:2      | Found a bloodstained altar of Trog.
  1127 | D:2      | Found an ornate altar of the Wu Jian Council.
  1148 | D:2      | Found an opulent altar of Gozag.
  1212 | D:2      | Reached XP level 4. HP: 24/24 MP: 7/12
  1585 | D:3      | HP: 6/24 [poisoned by a kobold]
  1593 | D:3      | HP: 5/24 [poisoned by a kobold]
  1914 | D:3      | Learned a level 3 spell: Conjure Flame
  2001 | D:3      | Reached skill level 5 in Spellcasting
  2071 | D:3      | Reached XP level 5. HP: 28/28 MP: 10/14
  2153 | D:3      | You fall through a shaft!
  2157 | D:4      | Noticed Purgy
  2162 | D:4      | Found a sand-covered staircase.
  2167 | Ossuary  | Entered an ossuary
  2453 | Ossuary  | Reached skill level 3 in Conjurations
  2998 | Ossuary  | HP: 6/28 [big kobold zombie (2)]
  3295 | Ossuary  | Reached skill level 5 in Fire Magic
  3295 | Ossuary  | Reached XP level 6. HP: 32/32 MP: 8/16
  3312 | Ossuary  | Learned a level 5 spell: Fireball
  3734 | D:4      | Learned a level 4 spell: Sticky Flame
  3746 | D:4      | Killed Purgy
  3746 | D:4      | Reached skill level 6 in Spellcasting
  3746 | D:4      | Reached skill level 4 in Conjurations
  3950 | D:4      | Noticed Grinder
  3955 | D:4      | Killed Grinder
  3955 | D:4      | Reached skill level 7 in Spellcasting
  3955 | D:4      | Reached XP level 7. HP: 32/36 MP: 9/19
  4017 | D:4      | Found a shattered altar of Ashenzari.
  4035 | D:4      | Noticed Duvessa
  4054 | D:4      | Reached skill level 5 in Conjurations
  4057 | D:4      | Reached skill level 6 in Fire Magic
  4429 | D:3      | Found an ancient bone altar of Kikubaaqudgha.
  4430 | D:3      | Found a deep blue altar of Sif Muna.
  4432 | D:3      | Found a radiant altar of Vehumet.
  4441 | D:3      | Identified Kikubaaqudgha's Compendium of Dark Rituals
  4452 | D:3      | Became a worshipper of Vehumet
  4842 | D:4      | Noticed Dowan
  4868 | D:4      | Killed Dowan
  4871 | D:4      | HP: 7/36 [Duvessa/rapier (5)]
  4872 | D:4      | HP: 2/36 [Duvessa/rapier (5)]
  4873 | D:4      | Killed Duvessa
  5236 | D:4      | Found a stormy altar of Qazlal.
  5342 | D:4      | Noticed Pikel
  5358 | D:4      | Killed Pikel
  5358 | D:4      | Reached skill level 8 in Spellcasting
  5358 | D:4      | Reached skill level 6 in Conjurations
  5358 | D:4      | Reached skill level 7 in Fire Magic
  5358 | D:4      | Reached XP level 8. HP: 37/41 MP: 2/22
  5691 | D:5      | Entered Level 5 of the Dungeon
  5696 | D:5      | Reached skill level 9 in Spellcasting
  5697 | D:5      | Reached * piety under Vehumet
  5697 | D:5      | Offered knowledge of Sandblast by Vehumet.
  5840 | D:5      | Noticed Ijyb
  6017 | D:5      | Reached skill level 7 in Conjurations
  6384 | D:5      | Reached XP level 9. HP: 38/45 MP: 22/24
  6471 | D:5      | Upgraded the game from 0.21-a0-41-g5e91fef to 0.21-a0-51-gea492e9
  6550 | D:5      | Killed Ijyb
  6978 | D:5      | Reached skill level 1 in Fighting
  6978 | D:5      | Reached skill level 3 in Dodging
  7116 | D:5      | Found a staircase to the Ecumenical Temple.
  7125 | Temple   | Entered the Ecumenical Temple
  7376 | D:5      | Offered knowledge of Freeze by Vehumet.
  7427 | D:5      | Learned a level 1 spell: Freeze
  7699 | D:6      | Found a shadowy altar of Dithmenos.
  7764 | D:6      | Reached ** piety under Vehumet
  7777 | D:6      | Found a basalt altar of Yredelemnul.
  7915 | D:6      | Found a white marble altar of Elyvilon.
  7915 | D:6      | Found a runed door.
  7915 | D:6      | Noticed an angel
  8022 | D:6      | Reached skill level 4 in Dodging
  8251 | D:7      | Reached skill level 2 in Fighting
  8536 | D:7      | Reached skill level 5 in Dodging
  8606 | D:7      | Noticed Joseph
  8608 | D:7      | Killed Joseph
  8608 | D:7      | Reached skill level 3 in Fighting
  8617 | D:7      | Reached skill level 6 in Dodging
  8985 | D:7      | Offered knowledge of Stone Arrow by Vehumet.
  8985 | D:7      | Reached skill level 4 in Fighting
  9275 | D:7      | Reached skill level 7 in Dodging
  9348 | D:7      | Reached XP level 10. HP: 58/58 MP: 19/25
  9354 | D:7      | Learned a level 3 spell: Stone Arrow
  9558 | D:7      | Reached skill level 5 in Fighting
  9572 | D:7      | Reached *** piety under Vehumet
  9572 | D:7      | Reached skill level 8 in Dodging
  9791 | D:8      | Noticed a great orb of eyes
  9797 | D:8      | Noticed a centaur warrior
  9797 | D:8      | Noticed a cyclops
  9801 | D:8      | Paralysed by a great orb of eyes for 7 turns
  9806 | D:8      | Mangled by a cyclops

Vault maps used:
D:1:      lemuel_arrival_lava_pool, minmay_misc_feat_alley
D:2:      nicolae_overflow_quartered_altars, grunt_dithmenos_smoke_and_mirrors
D:3:      lemuel_upstairs_altar, grunt_temple_overflow_magic_moments,
          st_stairs_3
D:4:      kennysheep_mini, old_standard_altar, enter_ossuary_5,
          minmay_ogre_servants, uniq_grinder, uniq_purgy, uniq_duvessa,
          uniq_pikel
D:5:      cheibrodos_fzero, minmay_temple_entry_poolview, first_bread, uniq_ijyb
D:6:      cheibrodos_iron_armory, overflow_temple_1_default,
          kennysheep_mini_moat, lemuel_angel_altar
D:7:      grunt_livestock, uniq_joseph
D:8:      jmf_multi_god_temple
Temple:   chequers_temple_sunken
Ossuary:  ossuary_zaba_two_paths

Skill      XL: |  1  2  3  4  5  6  7  8  9 10 |
---------------+-------------------------------+-----
Conjurations   | 2 3 4 6 7 |  7.3
Spellcasting   | 4 5 7 8 9 |  9.6
Fire Magic     | 4 5 7 |  7.9
Fighting       | 4 5 |  5.0
Dodging        | 7 8 |  8.0
Stealth        | |  2.4

Action                   |  1- 3 |  4- 6 |  7- 9 | 10-12 || total
-------------------------+-------+-------+-------+-------++-------
Melee: Short sword       |    25 |    80 |       |       ||   105
       Lajatang          |       |       |    16 |       ||    16
       Whip              |       |       |    79 |       ||    79
 Cast: Flame Tongue      |    69 |   144 |   109 |    18 ||   340
       Throw Flame       |     2 |     3 |    80 |     8 ||    93
       Conjure Flame     |       |     1 |     4 |     1 ||     6
       Sticky Flame      |       |     3 |    13 |     1 ||    17
       Fireball          |       |       |    25 |     5 ||    30
  Use: Scroll            |     2 |     5 |    14 |       ||    21
       Potion            |       |       |       |     1 ||     1
 Stab: Sleeping          |       |     2 |     2 |       ||     4
  Eat: Chunk             |     1 |     2 |    17 |     1 ||    21
       Royal jelly       |       |     3 |     1 |       ||     4
       Bread ration      |       |       |     1 |       ||     1
Armor: Robe              |    23 |    37 |    25 |     1 ||    86
Dodge: Dodged            |    36 |    88 |   112 |     2 ||   238

Vault maps used:
D:1:      lemuel_arrival_lava_pool, minmay_misc_feat_alley
D:2:      nicolae_overflow_quartered_altars, grunt_dithmenos_smoke_and_mirrors
D:3:      lemuel_upstairs_altar, grunt_temple_overflow_magic_moments,
          st_stairs_3
D:4:      kennysheep_mini, old_standard_altar, enter_ossuary_5,
          minmay_ogre_servants, uniq_grinder, uniq_purgy, uniq_duvessa,
          uniq_pikel
D:5:      cheibrodos_fzero, minmay_temple_entry_poolview, first_bread, uniq_ijyb
D:6:      cheibrodos_iron_armory, overflow_temple_1_default,
          kennysheep_mini_moat, lemuel_angel_altar
D:7:      grunt_livestock, uniq_joseph
D:8:      jmf_multi_god_temple
Temple:   chequers_temple_sunken
Ossuary:  ossuary_zaba_two_paths

Table legend:
 A = Turns spent in this place as a percentage of turns spent in the entire game.
 B = Non-inter-level travel turns spent in this place as a percentage of non-inter-level travel turns spent in the entire game.
 C = Inter-level travel turns spent in this place as a percentage of turns spent in this place.
 D = Turns resting spent in this place as a percentage of non-inter-level travel turns spent in this place.
 E = Turns spent auto-exploring this place as a percentage of non-inter-level travel turns spent in this place.
 F = Non-inter-level travel turns spent in this place divided by the number of levels of this place that you've seen.
                   A       B       C       D       E      F
               +-------+-------+-------+-------+-------+----------------------
         Total | 100.0 | 100.0 |   0.5 |   6.2 |   9.5 | 256.0
       Dungeon |  79.6 |  79.6 |   0.6 |   6.2 |  10.3 | 254.6
        Temple |   0.5 |   0.5 |   7.7 |   0.0 |  58.3 |  12.0
       Ossuary |  19.9 |  20.0 |   0.0 |   6.3 |   5.1 | 511.0
               +-------+-------+-------+-------+-------+----------------------

Table legend:
 A = Kills in this place as a percentage of kills in entire the game.
 B = Kills by you in this place as a percentage of kills by you in the entire game.
 C = Kills by friends in this place as a percentage of kills by friends in the entire game.
 D = Other kills in this place as a percentage of other kills in the entire game.
 E = Experience gained in this place as a percentage of experience gained in the entire game.
 F = Experience gained in this place divided by the number of levels of this place that you have seen.
                   A       B       C       D       E      F
               +-------+-------+-------+-------+-------+----------------------
         Total | 100.0 | 100.0 |  -nan |  -nan | 100.0 | 612.4
       Dungeon |  77.9 |  77.9 |  -nan |  -nan |  96.2 | 736.8
       Ossuary |  22.1 |  22.1 |  -nan |  -nan |   3.8 | 230.0
               +-------+-------+-------+-------+-------+----------------------
